 Dungeon Crawl Stone Soup version 0.21.1-1-g345015fe64 (webtiles) character file.

113 Naru the Chopper (level 4, -1/41 HPs)
             Began as a Minotaur Berserker on June 19, 2018.
             Was a Believer of Trog.
             Slain by a gnoll
             ... wielding a +0 club
              (9 damage)
             ... on level 3 of the Dungeon.
             The game lasted 00:02:31 (1567 turns).

Naru the Chopper (Minotaur Berserker)               Turns: 1567, Time: 00:02:31

Health: -1/41      AC:  3    Str: 21    XL:     4   Next: 65%
Magic:  0/3        EV: 12    Int:  4    God:    Trog [**....]
Gold:   88         SH:  0    Dex: 11    Spells: 3/3 levels left

rFire    . . .     SeeInvis .   a - +0 hand axe
rCold    . . .     Gourm    .   (no shield)
rNeg     . . .     Faith    .   i - +0 leather armour
rPois    .         Spirit   +   (helmet restricted)
rElec    .         Reflect  .   (no cloak)
rCorr    .         Harm     .   (no gloves)
MR       ++...                  (no boots)
Stlth    +.........             h - amulet of guardian spirit
HPRegen  1.13/turn              (no ring)
MPRegen  0.08/turn              g - ring of wizardry

@: berserk cooldown, regenerating, slowed, very slow
A: retaliatory headbutt, horns 2
a: Berserk, Trog's Hand, Burn Spellbooks, Renounce Religion


You were on level 3 of the Dungeon.
You worshipped Trog.
Trog was pleased with you.
You were not hungry.

You visited 1 branch of the dungeon, and saw 3 of its levels.

You collected 88 gold pieces.

Inventory:

Hand Weapons
 a - a +0 hand axe (weapon)
 m - a +0 war axe
Armour
 i - a +0 leather armour (worn)
Jewellery
 g - a ring of wizardry (right hand)
 h - an amulet of guardian spirit (around neck)
Scrolls
 j - 2 scrolls of remove curse
 l - a scroll of fog
Potions
 b - a potion of degeneration {unknown}
 d - a potion of berserk rage {unknown}
 e - 2 potions of haste {unknown}
 f - 3 potions of heal wounds {unknown}
 k - a potion of curing {unknown}
Comestibles
 c - 5 rations


   Skills:
 * Level 4.6 Fighting
 * Level 5.4 Axes
 + Level 2.6 Armour
 + Level 2.8 Dodging


You had 3 spell levels left.
You didn't know any spells.

Dungeon Overview and Level Annotations

Branches:
Dungeon (3/15)

Altars:
Gozag
Makhleb


Innate Abilities, Weirdness & Mutations

You reflexively headbutt those who attack you in melee.
You have a pair of horns on your head.


Message History

The orc closely misses you. You furiously retaliate!
You headbutt the orc. The gnoll hits you with a club.
* * * LOW HITPOINT WARNING * * *
The gnoll closely misses you.
You hit the gnoll but do no damage.
The gnoll is heavily wounded.
You barely miss the orc. You closely miss the gnoll.
The orc closely misses you. The gnoll closely misses you.
The gnoll barely misses you. The orc barely misses you.
You slash the gnoll!
You kill the gnoll!
Trog accepts your kill.
You hit the gnoll but do no damage. You hit the orc.
You kill the orc!
Trog accepts your kill. The gnoll barely misses you.
An orc comes into view. It is wielding a short sword.
The orc shouts!
The gnoll hits you with a club!
You die...

### ..
########.##### .#
.........@.).# .
######.?.g)#.#.# .
........)..!.#.###
#
######..)..)..o...
# ##......##### #
##.....## #
#.......# #
#####.....## #
##..†#.....##


You could see a gnoll and an orc.

Vanquished Creatures
  An orc wizard (D:3)
  3 gnolls (D:3)
  An ooze (D:2)
  A worm (D:2)
  3 leopard geckos
  2 orcs (D:3)
  2 bats
  3 giant cockroaches
  2 goblins (D:2)
  4 hobgoblins
  6 jackals
  5 kobolds
  A quokka (D:2)
  A ball python (D:1)
  2 frilled lizards (D:2)
  6 rats
43 creatures vanquished.

Notes
Turn   | Place    | Note
-------+----------+-------------------------------------------
     0 | D:1      | Naru the Minotaur Berserker began the quest for the Orb.
     0 | D:1      | Reached XP level 1. HP: 19/19 MP: 0/0
   117 | D:1      | Reached XP level 2. HP: 12/27 MP: 1/1
   149 | D:1      | Reached skill level 4 in Axes
  1044 | D:2      | Reached ** piety under Trog
  1044 | D:2      | Reached XP level 3. HP: 33/33 MP: 2/2
  1193 | D:2      | Found a burning altar of Makhleb.
  1510 | D:3      | Found an opulent altar of Gozag.
  1545 | D:3      | Reached XP level 4. HP: 30/41 MP: 3/3
  1550 | D:3      | Reached skill level 5 in Axes
  1567 | D:3      | Slain by a gnoll

Skill      XL: |  1  2  3  4 |
---------------+-------------+-----
Fighting       | 4 |  4.6
Axes           | 4 5 |  5.4
Armour         | |  2.6
Dodging        | |  2.8

Action                   |  1- 3 |  4- 6 || total
-------------------------+-------+-------++-------
Melee: Hand axe          |    81 |     6 ||    87
       Headbutt          |     9 |     1 ||    10
Invok: Berserk           |       |     1 ||     1
       Trog's Hand       |       |     1 ||     1
  Use: Scroll            |     2 |       ||     2
  Eat: Ration            |     1 |       ||     1
       Chunk             |     1 |       ||     1
Armor: Animal skin       |     1 |       ||     1
       Leather armour    |    16 |       ||    16
Dodge: Dodged            |    46 |    13 ||    59
